Map: Givre EC

Players

Willos - Winner!

  • Race: Zerg Zerg
  • League: Diamond

Worming

  • Race: Zerg Zerg
  • League: Diamond

VOD

Have the link to the VOD?

Description

Time

  • Played on: Aug. 14, 2016, 2:04 p.m.
  • Length: 18:41
Show
View Real Time Build Order
Export as new Build Order

Willos Zerg - Winner!

Build Orders: Hatch First 

Get SALT Encoding   

  12  0:01  Drone  
  13  0:14  Overlord  
  13  0:17  Drone  
  14  0:33  Drone  
  14  0:34  Drone  
  16  0:36  Drone  
  17  0:55  Hatchery  
  17  0:56  Drone  
  17  0:59  Extractor  
  17  1:02  Drone  
  17  1:17  Spawning Pool  
  16  1:20  Drone  
  16  1:24  Drone  
  18  1:29  Drone  
  19  1:40  Overlord  
  19  1:57  Drone  
  20  2:03  Queen  
  20  2:07  Queen, Metabolic Boost  
  24  2:10  Zergling x2  
  24  2:13  Drone  
  26  2:17  Drone  
  26  2:21  Drone  
  28  2:25  Drone  
  29  2:31  Baneling Nest  
  29  2:36  Drone x2  
  30  2:39  Drone  
  31  2:46  Zergling x2  
  31  2:49  Drone  
  33  2:57  Drone  
  34  3:14  Drone x2  
  34  3:15  Overlord x2  
  36  3:25  Zergling x2  
  36  3:26  Overlord x2  
  36  3:28  Baneling x2  
  36  3:37  Zergling x10  
  41  3:42  Evolution Chamber  
  41  3:44  Evolution Chamber  
  41  3:45  Spine Crawler  
  38  3:49  Zergling x4  
  39  3:59  Baneling x5  
  39  4:02  Zergling x8  
  43  4:03  Zergling x2  
  43  4:09  Zergling x2  
  47  4:10  Zergling x4  
  47  4:11  Queen  
  47  4:14  Drone  
  50  4:18  Lair  
  50  4:22  Extractor  
  49  4:44  Drone x2  
  49  4:45  Drone x5  
  56  4:48  Extractor  
  56  4:50  Extractor  
  54  4:56  Drone x2  
  54  4:57  Drone  
  57  5:09  Hatchery  
  57  5:13  Drone x3  
  59  5:20  Drone x2, Spire  
  60  5:24  Drone  
  60  5:25  Drone  
  62  5:32  Drone x2  
  63  5:44  Drone x4  
  65  5:51  Zergling x4  
  67  6:01  Zergling x2  
  67  6:23  Zergling x4  
  67  6:24  Zergling x8  
  71  6:28  Spine Crawler  
  71  6:29  Spine Crawler  
  71  6:30  Spine Crawler  
  71  6:31  Mutalisk x3  
  74  6:33  Overlord, Spine Crawler  
  72  6:42  Overlord x2  
  67  6:55  Mutalisk x3  
  63  7:04  Mutalisk x5  
  63  7:05  Mutalisk  
  75  7:13  Mutalisk  
  70  7:27  Zergling x4  
  70  7:28  Zergling x2  
  70  7:55  Hatchery  
  70  7:56  Queen  
  71  8:00  Drone x2  
  71  8:01  Drone  
  74  8:08  Hatchery  
  71  8:38  Zergling x6  
  71  8:40  Baneling  
  71  8:41  Baneling x3  
  65  9:27  Overlord x2  
  65  9:28  Overlord x2  
  65  9:38  Overlord x4  
  65  9:49  Drone x2  
  67  10:03  Lair  
  67  10:06  Hatchery  
  66  10:25  Drone x2  
  66  10:26  Drone x4  
  72  10:32  Zergling x12  
  78  10:46  Hatchery  
  73  11:14  Zergling x10  
  78  11:21  Drone x3  
  78  11:22  Queen, Drone x4  
  87  11:32  Zerg Missile Weapons Level 1, Hydralisk Den, Zerg Ground Armor Level 1  
  87  11:39  Drone x4  
  90  11:50  Baneling x8, Spine Crawler  
  90  11:51  Baneling  
  90  11:53  Zergling x14  
  90  11:54  Zergling x6  
  99  12:03  Queen, Drone, Extractor x2  
  94  12:22  Centrifical Hooks  
  93  12:25  Drone x2  
  95  12:38  Baneling  
  95  12:39  Baneling x11  
  95  12:40  Baneling x9  
  95  12:41  Zergling x8  
  95  12:42  Zergling x22  
  110  12:50  Zergling x6  
  108  13:06  Zergling x2  
  108  13:07  Zergling x6  
  84  13:21  Zergling x8  
  84  13:22  Zergling x2  
  87  13:33  Drone x2  
  87  13:34  Drone x8  
  91  13:39  Zerg Missile Weapons Level 2, Zerg Ground Armor Level 2  
  91  13:41  Lurker Den  
  95  13:43  Hydralisk  
  95  13:44  Hydralisk x2  
  101  13:52  Drone  
  101  13:53  Drone x6  
  108  14:01  Spine Crawler  
  107  14:02  Spine Crawler  
  106  14:13  Hydralisk x3  
  106  14:15  Overlord x4  
  103  14:24  Zergling x2  
  103  14:25  Zergling x14  
  109  14:39  Spine Crawler  
  109  14:40  Spine Crawler  
  109  14:41  Spine Crawler  
  105  14:52  Baneling x6  
  104  14:53  Baneling x7  
  92  15:07  Lurker x6  
  92  15:13  Zergling x2  
  92  15:14  Zergling x10  
  102  15:31  Hatchery  
  96  16:03  Zergling x10  
  96  16:04  Zergling x2  
  95  16:06  Hatchery  
  91  16:18  Hydralisk x3  
  91  16:19  Hydralisk x2  
  99  16:33  Zergling x2  
  99  16:34  Zergling x2  
  99  16:35  Hydralisk  
  101  17:13  Drone x2  
  91  17:58  Lurker x5  
  91  18:01  Queen, Drone x2  
  91  18:02  Drone, Extractor  
  91  18:04  Extractor  
  94  18:16  Drone  
  91  18:29  Drone x3  
Show
View Real Time Build Order
Export as new Build Order

Worming Zerg 

Build Orders: Hatch First 

Get SALT Encoding   

  12  0:09  Drone  
  12  0:13  Overlord  
  13  0:20  Drone  
  14  0:33  Drone x2  
  16  0:43  Drone  
  17  0:54  Hatchery  
  16  0:57  Drone  
  16  1:03  Extractor  
  16  1:05  Drone  
  17  1:19  Spawning Pool  
  17  1:20  Drone  
  17  1:28  Drone  
  18  1:37  Drone  
  19  1:46  Overlord  
  19  1:57  Drone  
  20  2:05  Queen  
  20  2:06  Queen  
  20  2:07  Zergling x2  
  25  2:10  Metabolic Boost  
  25  2:13  Drone  
  26  2:18  Drone  
  27  2:30  Drone x3  
  30  2:39  Overlord  
  30  2:55  Baneling Nest  
  30  2:57  Drone x3  
  29  3:15  Zergling x10  
  32  3:24  Drone x3  
  32  3:25  Zergling x2  
  32  3:26  Zergling x4  
  38  3:43  Overlord  
  38  3:46  Zergling x6  
  38  3:48  Baneling x6  
  39  4:11  Lair  
  39  4:13  Extractor  
  39  4:14  Drone x7  
  45  4:23  Hatchery  
  44  4:30  Drone x3  
  44  4:31  Roach Warren  
  46  4:33  Extractor  
  46  4:35  Drone x2  
  47  4:44  Drone  
  52  4:45  Drone x4  
  52  5:02  Overlord  
  52  5:03  Overlord  
  52  5:10  Spine Crawler, Glial Reconstitution  
  51  5:19  Overlord x3  
  51  5:23  Overlord  
  51  5:25  Roach x3  
  57  5:32  Extractor  
  56  5:39  Roach x4  
  62  6:03  Roach x9  
  79  6:21  Roach x4  
  86  6:31  Roach x2  
  89  6:40  Baneling x3  
  89  6:41  Zergling x8  
  89  6:42  Zergling x4  
  94  7:08  Hydralisk Den  
  84  7:21  Hatchery  
  81  7:28  Spore Crawler  
  81  7:29  Spore Crawler  
  65  7:32  Spore Crawler  
  51  7:42  Muscular Augments, Hydralisk x9  
  54  7:54  Drone x3  
  54  7:56  Spore Crawler  
  56  8:01  Hydralisk x2  
  60  8:22  Roach x6  
  72  8:29  Roach x2  
  76  8:37  Zergling x2  
  76  8:38  Zergling x6  
  80  8:54  Roach  
  80  8:55  Roach  
  84  8:56  Overlord  
  84  8:57  Overlord  
  64  9:21  Hatchery  
  59  9:30  Drone x7  
  54  9:45  Hydralisk x3  
  58  9:57  Spore Crawler  
  57  10:00  Hydralisk x2  
  57  10:01  Hydralisk  
  63  10:07  Evolution Chamber  
  62  10:15  Hydralisk  
  62  10:16  Hydralisk x2  
  68  10:22  Baneling  
  68  10:23  Baneling x2  
  68  10:25  Baneling  
  68  10:33  Zerg Missile Weapons Level 1, Hydralisk  
  68  10:35  Hydralisk  
  68  11:00  Drone  
  69  11:06  Spore Crawler  
  66  11:15  Zergling x4  
  66  11:16  Baneling  
  66  11:18  Drone x13  
  78  11:25  Queen  
  81  11:28  Roach x3  
  89  11:33  Overlord x2  
  89  11:44  Overlord  
  89  11:52  Hydralisk  
  89  11:53  Roach x3, Hydralisk x2  
  92  12:21  Drone x3, Hydralisk x2  
  92  12:22  Roach x3, Hydralisk  
  104  12:35  Infestation Pit  
  103  12:42  Ravager  
  101  12:54  Spine Crawler  
  100  13:05  Ravager  
  100  13:06  Hydralisk x2  
  100  13:07  Roach x3, Hydralisk  
  100  13:09  Overlord x3  
  66  13:35  Roach, Hydralisk x5  
  66  13:36  Roach x5, Hydralisk x2  
  66  13:37  Zergling x4  
  90  13:47  Zergling x2  
  91  13:48  Zergling x2  
  92  13:57  Pathogen Glands  
  92  13:58  Extractor  
  92  13:59  Drone x3  
  92  14:01  Drone x2, Extractor  
  95  14:03  Hatchery  
  93  14:29  Zergling x8  
  97  14:34  Hatchery  
  66  14:53  Spine Crawler  
  61  15:08  Zergling x8, Roach x3  
  67  15:35  Roach x4  
  73  16:01  Roach x6  
  73  16:02  Roach x4  
  87  16:28  Pneumatized Carapace  
  87  16:29  Overseer x2  
  61  16:57  Roach x3  
  61  16:58  Zergling x4, Roach  
  49  17:09  Roach  
  49  17:10  Zergling x2  
  44  17:24  Roach  
  44  17:25  Zergling x2  
  47  17:30  Baneling  
  41  17:42  Baneling  
  20  18:07  Roach x3  
  26  18:16  Drone x3  
Tags
 
Add a new tag
Caveats
  • Supply blocks, unpowered buildings, or Contaminate may cause inaccurate times.
  • Supply counts are checked every 10 seconds.